Description

Do you like battlecruisers like I do? I hope so! Because it is time to play battlecruiser-only powerful build.

Build.

15 Build SCVs to 15. Start Orbital Command.

15 Build CC on expansion or near main CC if exp is protected.

15 Supply depot.

15 Calldown mule. Build SCVs and don't stop until both exp are saturated.

18 CC.

21 Orbital command (2).

21 Refinery Ha-ha, I am joking. CC.

22 Refinery, refinery.

25 Starport.

  1. Orbital Command (3)

27-35 Call down banshees to clear exp rocks/enemies.

Build fusion core and another starport. By midgame you should have 3-4 starports. Build Orbital (4). Order your first BC when you have enough gas. You can finish it around 7:00-7:30 mark. Build 2 armories for upgrades.

From now on you call MULEs non-stop and build BCs. Aim to hit 100 limit around 10 minutes. 150 around 15 minutes (but it depends on maps).

Masteries.

1 Research resource cost.

3 Mech attack speed.

  1. It depends. Hyperion is overall better, but banshees help a lot in early game. I suggest to play banshees mastery while you are learning this build.

Tips.

  • First 3 waves defense: banshee, hyperion, banshee (with mastery). On void launch and map with gigantic dildos you either rely on your ally or use trick with worker. Attack-move with one worker, so enemies will follow you. Repeat 20 times until banshees ready. You can go barracks and bunkers but this will delay build significantly.

  • Use Yamato to out range strong foes with AA weapons and static defenses.

  • Battlecruisers can fire while moving.

  • Armor upgrades matter too.

  • Hyperion's buff gives BCs without upgrades +33% dmg against ground and +25% against air.

  • You don't need to repair or heal with medics. You can but you can always build new BCs.

Banshee/Viking.

This is obvious: banshees are good on DoN and vs mass ground comps. Vikings are good vs heavy air comps and to snipe some objectives. Build 10-15 units for better DPS. Also you can start with banshees/vikings if you feel that BCs will be too late or you don't have enough mastery points to speed cooldowns.

Build Order

Get SALT Encoding   

  15  0:00  Orbital Command  
  15  0:01  Command Center  
  15  0:02  Supply Depot  
  18  0:03  Command Center  
  21  0:04  Orbital Command  
  21  0:05  Command Center  
  22  0:06  Refinery x2  
  25  0:07  Starport  
  26  0:08  Orbital Command  
Spawning Tool Build Advisor. Get it on Overwolf

Analysis

I did this for myself; the timestamp is random.

Go to:

Details

  • Created by: SilentSword1
  • Published on: Sep 23, 2026
  • Modified on: Sep 23, 2026
  • Patch: 5.0.16
  • Difficulty: Hard
Show
View Real Time Build Order
Export as new Build Order

Comments (0)

There are no comments. Be the first!

Create an account to comment!